 Dungeon Crawl Stone Soup version 0.31.0-32-g396128a36d (webtiles) character file.

Game seed: 9022282567927603025

209 Peloso the Covered (level 5, -3/46 HPs)
             Began as a Minotaur Fighter on Apr 5, 2024.
             Killed by divine providence
             ... invoked by an orc priest
              (11 damage)
             ... on level 3 of the Dungeon.
             The game lasted 00:06:03 (2770 turns).

Peloso the Covered (Minotaur Fighter)               Turns: 2770, Time: 00:06:03

Health: -3/46      AC:  9    Str: 18 (20) XL:     5   Next: 55%
Magic:  4/4        EV:  7    Int:  3 (5)  God:
Gold:   147        SH:  4    Dex: 10 (12) Spells: 4/4 levels left

rFire   . . .        a - +0 long sword
rCold   . . .        d - +0 buckler
rNeg    . . .        c - +0 chain mail
rPois   .            (helmet restricted)
rElec   .            (no cloak)
rCorr   .            (no gloves)
SInv    .            (no boots)
Will    .....        (no amulet) Stlth
                     (no ring)
HPRegen 0.27/turn    (no ring)
MPRegen 0.09/turn

%: no passive effects
@: no status effects
A: horns 2, retaliatory headbutt
a: no special abilities


You were on level 3 of the Dungeon.
You visited 1 branch of the dungeon, and saw 3 of its levels.

You collected 147 gold pieces.

Inventory:

Hand Weapons
 a - a +0 long sword (weapon)
Armour
 b - a +0 scale mail
 c - a +0 chain mail (worn)
 d - a +0 buckler (worn)
Jewellery
 l - a ring of fire
Scrolls
 f - 8 scrolls of identify
 g - a scroll of enchant armour {unknown}
 h - a scroll of vulnerability
 j - a scroll of immolation
 n - a scroll of blinking
 o - 2 scrolls of enchant weapon {unknown}
 p - a scroll of brand weapon {unknown}
Potions
 e - 2 potions of haste
 i - 2 potions of curing
 m - a potion of might


   Skills:
 + Level 4.3 Fighting
 + Level 4.7 Long Blades
 + Level 5.2 Armour
 + Level 0.5 Dodging
 + Level 4.4 Shields


You had 4 spell levels left.
You didn't know any spells.
Your spell library contained the following spells:

 Spells                   Type           Power      Damage    Failure   Level
 Foxfire                  Conj/Fire      0%         2x1d4     100%        1
 Magic Dart               Conj           0%         1d3       100%        1
 Lesser Beckoning         Tloc           0%         N/A       100%        2
 Gell's Gravitas          Tloc           0%         N/A       100%        3
 Inner Flame              Hex/Fire       0%         N/A       100%        3
 Ozocubu's Armour         Ice            0%         N/A       100%        3
 Teleport Other           Tloc           0%         N/A       100%        3
 Flame Wave               Conj/Fire      0%         2d4       100%        4
 Sticky Flame             Fire/Alch      0%         2d4       100%        4
 Freezing Cloud           Conj/Ice/Air   0%         6-21      100%        5
 Iskenderun's Battlesphe  Conj           0%         2d6       100%        5
 Plasma Beam              Fire/Air       0%         2x1d10    100%        6
 Starburst                Conj/Fire      0%         6d3       100%        6


Dungeon Overview and Level Annotations

Branches:
Dungeon (3/15)

Altars:
Cheibriados
Zin

Annotations:
D:3 1 runed translucent door, Crazy Yiuf


Innate Abilities, Weirdness & Mutations

You have a pair of horns on your head.
You reflexively headbutt those who attack you in melee.


Message History

The orc is almost dead.
The orc priest miscasts a cantrip.
You block the orc's attack.
You hit the orc.
You kill the orc!
You hit the orc priest. Your headbutt misses the orc priest.
The orc priest is moderately wounded.
The orc priest hits you with a +0 short sword.
* * * LOW HITPOINT WARNING * * *
The orc wizard gestures wildly while chanting.
The orc wizard flickers and vanishes!
Deactivating autopickup; reactivate with Ctrl-A.
You feel better.
The orc priest hits you with a +0 short sword.
* * * LOW HITPOINT WARNING * * *
Okay, then.
You barely miss the orc priest.
The orc priest is moderately wounded.
The orc priest hits you but does no damage.
The orc priest calls upon Beogh to heal the orc priest.
The orc priest's wounds heal themselves!
The orc priest calls down the wrath of Beogh upon you.
You barely resist. You hit the orc priest.
The orc priest is moderately wounded.
The orc priest looks encouraged for a moment.
Unknown command.
You barely miss the orc priest. You headbutt the orc priest!
You kill the orc priest!
You feel your strength returning.
Unknown command.
You hit the orc priest but do no damage.
Your headbutt misses the orc priest.
The orc priest hits you with a +0 flail.
* * * LOW HITPOINT WARNING * * *
Unknown command.
You barely miss the orc priest.
The orc priest invokes the aid of Beogh against you.
Beogh smites you!
You die...

.....=? ♣♣♣♣♣♣♣♣♣♣♣♣♣
......# ♣...........♣
o....# ♣...........♣
##.....## ♣...#####...♣
#.......# ♣.....#.....♣
#.......#
###♣†....#.....♣##{o.....#
#.'..####†####..@or.....#
#.#♣.....#.....♣####....#
#.#♣..(..#.....♣ ###.##
#.#♣...#####...♣ #....
#.#♣.[... .....♣ #.#.#
#.#♣...........♣#####.#.#
#.#♣♣♣♣♣♣♣♣♣♣♣♣♣#.......##
#.### ######...#..#
#...##########.#
#.###..#######


You could see 2 orc priests and a rat.

Vanquished Creatures
  A bombardier beetle (D:3)
  An orc priest (D:3)
  Terence (D:2)
  4 adders
  4 ribbon worms (D:2)
  3 dart slugs
  An orc (D:3)
  4 ball pythons
  4 endoplasms
  2 giant cockroaches
  7 goblins
  4 hobgoblins
  4 jackals (D:2)
  7 quokkas
  7 bats
  4 frilled lizards
  6 kobolds
  6 rats
70 creatures vanquished.

Notes
Turn   | Place    | Note
-------+----------+-------------------------------------------
     0 | D:1      | Peloso the Minotaur Fighter began the quest for the Orb.
     0 | D:1      | Reached XP level 1. HP: 19/19 MP: 0/0
   300 | D:1      | Reached XP level 2. HP: 26/27 MP: 1/1
   642 | D:1      | Reached skill level 4 in Armour
  1123 | D:2      | Reached XP level 3. HP: 33/33 MP: 2/2
  1216 | D:2      | Found a snail-covered altar of Cheibriados.
  1326 | D:2      | Found a faded altar of an unknown god.
  1374 | D:2      | Noticed Terence
  1384 | D:2      | Killed Terence
  1453 | D:2      | Reached XP level 4. HP: 36/40 MP: 3/3
  2008 | D:2      | Got Sif Muna's Omnibus of Freezing Battling
  2206 | D:2      | Reached skill level 5 in Armour
  2531 | D:3      | Reached XP level 5. HP: 46/46 MP: 4/4
  2569 | D:3      | Found a glowing silver altar of Zin.
  2632 | D:3      | Found a runed translucent door.
  2633 | D:3      | Noticed Crazy Yiuf
  2770 | D:3      | Killed from afar by an orc priest

Illustrated notes

Levels and vault maps discovered:
D:1:      lightli_iron_boxes, layout_basic, fountainhead
D:2:      minmay_thinvault, layout_basic, dilly_ecumenical_altar_fadedgnrine,
          basic_altar, grunt_decor_junction, bh_walls_and_bars, uniq_terence
D:3:      gammafunk_steamed_eel, layout_rooms, mainiacjoe_overflow_brackets,
          kennysheep_generic_room_16, uniq_sigmund, uniq_crazy_yiuf_cottage

Skill      XL: |  1  2  3  4 |
---------------+-------------+-----
Armour         | 4 5 |  5.2
Shields        | 4 |  4.4
Long Blades    | 3 4 |  4.7
Fighting       | 4 |  4.3
Dodging        | |  0.5

Action                     |  1- 3 |  4- 6 || total
---------------------------+-------+-------++-------
  Melee: Long sword        |    88 |   125 ||   213
         Headbutt          |    11 |    20 ||    31
    Use: Scroll            |     5 |     5 ||    10
         Potion            |       |     4 ||     4
 Armour: Scale mail        |    72 |       ||    72
         Chain mail        |     7 |    88 ||    95
  Dodge: Dodged            |    40 |    36 ||    76
  Block: Buckler           |    20 |    23 ||    43
